 Dungeon Crawl Stone Soup version 0.16-a0-4078-g0e80503 (webtiles) character file.

900 Chiseanne the Skirmisher (level 7, 0/56 HPs)
             Began as a Demonspawn Monk on Feb 22, 2015.
             Slain by an orc priest
             ... wielding a +0 club
              (2 damage)
             ... on level 5 of the Dungeon.
             The game lasted 00:15:34 (5082 turns).

Chiseanne the Skirmisher (Demonspawn Monk)          Turns: 5082, Time: 00:15:34

Health: 0/56       AC:  8    Str: 17    XL:     7   Next: 79%
Magic:  10/10      EV: 14    Int: 12    God:
Gold:   210        SH:  0    Dex: 16    Spells: 1 memorised, 5 levels left

rFire  + + .     SeeInvis +     s - +3 short sword (venom)
rCold  . . .     Clarity  .     l - +1 ring mail
rNeg   . . .     SustAb   .     (no shield)
rPois  .         Gourm    .     (helmet restricted)
rElec  .         Spirit   .     (no cloak)
rCorr  .         Warding  .     (no gloves)
rMut   .         Stasis   .     (no boots)
MR     .....                    c - amulet of rage
Stlth  +.........               q - ring of see invisible
                                o - ring of protection from fire

@: mighty, not resistant to hostile enchantments, very unstealthy
A: antennae 1, icy blue scales 1, fire resistance 1, powered by pain 2
a: Evoke Berserk Rage


You were on level 5 of the Dungeon.
You were hungry.

You visited 1 branch of the dungeon, and saw 5 of its levels.

You collected 210 gold pieces.

Inventory:

Hand weapons
 a - a +2 flail of draining
 s - a +3 short sword of venom (weapon)
 w - a +0 blowgun
Missiles
 g - 3 tomahawks (quivered)
 n - 24 poisoned needles
Armour
 l - a +1 ring mail (worn)
Jewellery
 c - an amulet of rage (around neck)
 o - a ring of protection from fire (left hand)
 q - a ring of see invisible (right hand)
Magical devices
 A - a wand of flame (24)
Scrolls
 x - a scroll of magic mapping
 y - a scroll of remove curse
Potions
 d - 2 potions of mutation
 e - a potion of restore abilities
 f - a potion of haste {unknown}
 h - a potion of cancellation {unknown}
 i - 2 potions of brilliance
 m - 2 potions of agility {unknown}
 t - a potion of resistance
 u - 3 potions of curing
 v - a potion of ambrosia {unknown}
 z - a potion of poison {unknown}
Books
 r - a book of Debilitation

   Spells                             Type                      Level
   a - Corona                         Hexes                        1
   b - Slow                           Hexes                        2
   c - Inner Flame                    Hexes/Fire                   3
   d - Enslavement                    Hexes                        4
   e - Cause Fear                     Hexes                        4
   f - Leda's Liquefaction            Hexes/Earth                  4
Comestibles
 b - 3 bread rations
 j - a fruit
 k - 5 meat rations
 p - a beef jerky


   Skills:
 - Level 5.3 Fighting
 * Level 4.6 Armour
 - Level 5.1 Dodging
 - Level 1.7 Stealth
 - Level 3.6 Unarmed Combat
 * Level 2.8 Evocations


You had 5 spell levels left.
You knew the following spells:

 Your Spells              Type           Power        Failure   Level  Hunger
a - Corona                Hex            #......      61%         1    ##.....


Dungeon Overview and Level Annotations

Branches:
Dungeon (5/15)             Temple (0/1) D:5

Altars:
Ashenzari
Cheibriados
Dithmenos
Zin
The Shining One

Annotations:
D:3 Grinder
D:5 hornqvist's ghost, experienced HOFi


Innate Abilities, Weirdness & Mutations

You have a pair of small antennae on your head.
You are partially covered in icy blue scales (AC +1).
Your flesh is heat resistant.
You sometimes gain power by taking damage.


Message History

The orc priest hits you but does no damage.
The orc closely misses you. The orc priest closely misses you.
You barely miss the orc priest.
The orc priest mumbles some strange prayers to Beogh against you.
Pain shoots through your body!
You focus on the pain.
You feel mightier all of a sudden. The orc closely misses you.
The orc priest calls down the wrath of Beogh upon you.
Something smites you!
* * * LOW HITPOINT WARNING * * *
You barely miss the orc priest.
The orc priest hits you with a short sword of protection.
* * * LOW HITPOINT WARNING * * *
The orc barely misses you.
The orc priest hits you but does no damage.
You puncture the orc priest!
The orc priest is poisoned.
The orc priest is severely wounded.
The orc priest hits you but does no damage.
The orc hits you but does no damage. The orc priest hits you with a club.
You die...

#.. #..# .. ##.....# #..
#..##'###.#......#
#..##.........+......#
##.............#......+
#..............#W.....#
#.......####'###<.....#
#.......#.............#
##########+##..'#o............#
................@o............#
................o≈≈≈≈≈........+
...............≈≈≈≈≈≈≈≈≈......#
.............≈≈≈≈≈≈≈≈≈≈≈≈≈......
'####+###+..≈≈≈≈≈≈...≈≈≈≈≈≈....
....#.......≈≈≈≈≈≈.>.≈≈≈≈≈≈...
....#.......≈≈≈≈≈≈...≈≈≈≈≈≈..
....'.......≈≈≈≈≈≈≈≈≈≈≈≈≈≈
'########+#..≈≈≈≈≈≈≈≈≈≈


You could see 2 orc priests and an orc.

Vanquished Creatures
  Edmund (D:4)
  3 phantoms (D:4)
  5 orc priests
  A jelly (D:5)
  A hound (D:4)
  3 worker ants
  2 orc wizards (D:4)
  A hound zombie (D:5)
  6 adders
  A shadow imp (D:5)
  A giant mite (D:4)
  3 giant geckos (D:1)
  2 oozes
  10 orcs
  11 bats
  13 hobgoblins
  7 jackals
  4 giant cockroaches
  7 giant newts
  16 goblins
  10 kobolds
  A quokka (D:2)
  11 rats
120 creatures vanquished.

Notes
Turn   | Place    | Note
--------------------------------------------------------------
     0 | D:1      | Chiseanne, the Demonspawn Monk, began the quest for the Orb.
     0 | D:1      | Reached XP level 1. HP: 18/18 MP: 1/1
   334 | D:1      | Gained mutation: You sometimes gain a little power by taking damage. [demonic ancestry]
   334 | D:1      | Reached XP level 2. HP: 21/24 MP: 2/2
   932 | D:2      | Found a glowing golden altar of the Shining One.
  1024 | D:2      | Gained mutation: You are partially covered in icy blue scales (AC +1). [demonic ancestry]
  1024 | D:2      | Reached XP level 3. HP: 21/29 MP: 3/3
  1067 | D:2      | Found a glowing golden altar of the Shining One.
  1583 | D:2      | Reached XP level 4. HP: 30/37 MP: 4/4
  1956 | D:3      | Reached skill level 4 in Fighting
  2168 | D:3      | Found a shattered altar of Ashenzari.
  2243 | D:3      | Reached skill level 1 in Armour
  2554 | D:3      | Gained mutation: You sometimes gain power by taking damage. [demonic ancestry]
  2554 | D:3      | Reached XP level 5. HP: 38/43 MP: 5/5
  2690 | D:3      | Noticed Grinder
  2703 | D:3      | Paralysed by Grinder for 6 turns
  2963 | D:4      | Learned a level 1 spell: Corona
  2974 | D:4      | Found a snail-covered altar of Cheibriados.
  3042 | D:4      | Found a shadowy altar of Dithmenos.
  3048 | D:4      | Noticed Edmund
  3079 | D:4      | Killed Edmund
  3079 | D:4      | Reached skill level 1 in Evocations
  3079 | D:4      | Gained mutation: Your flesh is heat resistant. [demonic ancestry]
  3079 | D:4      | Reached XP level 6. HP: 18/49 MP: 5/7
  3364 | D:4      | Noticed a phantom
  3394 | D:4      | Found a shadowy altar of Dithmenos.
  3394 | D:4      | Noticed a phantom
  3516 | D:4      | Killed a phantom
  3951 | D:4      | Reached skill level 5 in Fighting
  3955 | D:4      | Found a glowing silver altar of Zin.
  4031 | D:4      | Killed a phantom
  4031 | D:4      | Gained mutation: You have a pair of small antennae on your head. [demonic ancestry]
  4031 | D:4      | Reached XP level 7. HP: 47/56 MP: 7/9
  4659 | D:5      | Entered Level 5 of the Dungeon
  4670 | D:4      | Reached skill level 5 in Dodging
  4740 | D:5      | Found a staircase to the Ecumenical Temple.
  4742 | D:5      | Noticed hornqvist's ghost (experienced HOFi)
  5081 | D:5      | HP: 1/56 [orc priest/short sword of protection (6)]
  5082 | D:5      | Slain by an orc priest

Action                   |  1- 3 |  4- 6 |  7- 9 || total
-------------------------+-------+-------+-------++-------
Melee: Unarmed           |    71 |       |       ||    71
       Quarterstaff      |    43 |     6 |       ||    49
       Short sword       |    15 |   130 |   107 ||   252
       Flail             |       |    47 |     2 ||    49
  Use: Scroll            |     1 |    12 |       ||    13
       Potion            |       |     1 |       ||     1
  Eat: Chunk             |     2 |     8 |     3 ||    13
